 Dungeon Crawl Stone Soup version 0.28.0-47-ge53b351184 (webtiles) character file.

Game seed: 5481126159690778114

61 Kangaroobicon the Skirmisher (level 3, -1/31 HPs)
             Began as a Palentonga Fighter on Apr 25, 2022.
             Slain by Grinder (6 damage)
             ... on level 3 of the Dungeon.
             The game lasted 00:12:47 (1675 turns).

Kangaroobicon the Skirmisher (Palentonga Fighter)   Turns: 1675, Time: 00:12:52

Health: -1/31      AC:  9    Str: 19    XL:     3   Next: 83%
Magic:  3/3        EV:  7    Int:  8    God:
Gold:   138        SH:  4    Dex: 11    Spells: 2/2 levels left

rFire   . . .      SeeInvis +   a - +0 war axe
rCold   . . .      Faith    .   c - +0 buckler
rNeg    . . .      Spirit   .   k - +0 plate armour
rPois   .          Reflect  .   (no helmet)
rElec   .          Harm     .   (no cloak)
rCorr   .          Rampage  .   (no gloves)
Will    .....                   (no barding)
Stlth   ..........              (no amulet)
HPRegen 0.10/turn               j - +4 ring of evasion
MPRegen 0.08/turn               o - ring of flight

@: flying
A: large, rugged brown scales 3, see invisible, deformed body, roll 1, armoured
tail
a: Rolling Charge


You were on level 3 of the Dungeon.
You visited 1 branch of the dungeon, and saw 3 of its levels.

You collected 138 gold pieces.

Inventory:

Hand Weapons
 a - a +0 war axe (weapon)
Armour
 c - a +0 buckler (worn)
 k - a +0 plate armour (worn)
Jewellery
 j - a +4 ring of evasion (left hand)
 o - a ring of flight (right hand)
Scrolls
 b - a scroll of holy word {unknown}
 e - 2 scrolls of teleportation {unknown}
 g - a scroll of fog {unknown}
 i - a scroll of magic mapping {unknown}
 m - a scroll of enchant armour {unknown}
Potions
 d - a potion of might
 f - a potion of haste {unknown}
 h - a potion of mutation {unknown}
 l - a potion of curing {unknown}
 n - a potion of heal wounds {unknown}


   Skills:
 + Level 3.3 Fighting
 + Level 3.1 Axes
 + Level 2.8 Armour
 + Level 0.1 Dodging
 + Level 2.7 Shields


You had 2 spell levels left.
You didn't know any spells.
Your spell library was empty.

Dungeon Overview and Level Annotations

Branches:
Dungeon (3/15)

Altars:

Annotations:
D:3 Grinder


Innate Abilities, Weirdness & Mutations

You are completely covered in rugged brown scales. (AC +3, +7% HP)
You have supernaturally acute eyesight. (SInv)
Armour fits poorly on your strangely shaped body.
You can roll at nearby foes to attack.
You have a long armoured tail.


Message History

Grinder comes into view.
Grinder shouts!
Grinder gestures at you.
You suddenly lose the ability to move!
You can move again.
You hit the goblin.
You kill the goblin!
You barely miss the hobgoblin. The hobgoblin hits you. Grinder gestures at you.
You shrug off the repeated paralysis!
You hit the hobgoblin.
The hobgoblin is almost dead.
The hobgoblin hits you but does no damage.
You block the hobgoblin's attack.
You hit the hobgoblin.
You kill the hobgoblin!
Grinder says, "FISH!"
Grinder blinks!
You barely miss Grinder.
Grinder blinks!
You hit Grinder.
Grinder is lightly wounded.
Grinder hits you but does no damage.
You closely miss Grinder.
Grinder is lightly wounded.
Grinder gestures at you. Pain shoots through your body! Grinder hits you.
You writhe in agony.
You closely miss Grinder.
Grinder is lightly wounded.
Grinder hits you.
You writhe in agony.
* * * LOW HITPOINT WARNING * * *
You slash Grinder!
Your tail-slap misses Grinder.
Grinder is moderately wounded.
Grinder hits you but does no damage.
You hit Grinder.
Grinder is moderately wounded.
Grinder gestures at you. Pain shoots through your body!
* * * LOW HITPOINT WARNING * * *
Grinder hits you.
You die...

#.........#
#..######## .###
#..# ..... #..#
.....####### #..#
...........######..#
...................#
...................#
#.##........)@5..##
#..###.####..##
..... ...# #..#
#.##..###.# #..# ..
... ..# #..# ######
# ##.. #.# #..#
#..... #.. #.# ...#
#.#### #.. .l. ....
#.# .### #.#


You could see Grinder.

Vanquished Creatures
  An adder (D:3)
  A worm (D:3)
  A dart slug (D:2)
  An orc (D:3)
  6 bats
  4 endoplasms (D:1)
  3 giant cockroaches
  7 goblins
  2 hobgoblins
  2 quokkas
  3 ball pythons
  2 frilled lizards
  3 kobolds
  7 rats
43 creatures vanquished.

Notes
Turn   | Place    | Note
-------+----------+-------------------------------------------
     0 | D:1      | Kangaroobicon the Palentonga Fighter began the quest for
                  | the Orb.
     0 | D:1      | Reached XP level 1. HP: 19/19 MP: 1/1
   214 | D:1      | Reached XP level 2. HP: 20/25 MP: 2/2
   834 | D:2      | Reached XP level 3. HP: 27/31 MP: 3/3
  1662 | D:3      | Noticed Grinder
  1662 | D:3      | Paralysed by Grinder for 3 turns
  1675 | D:3      | Slain by Grinder

Illustrated notes

Levels and vault maps discovered:
D:1:      tarquinn_simple_flora_water_d, layout_basic
D:2:      layout_loops_ring, kennysheep_crisscross, minmay_misc_feat_tiny
D:3:      layout_loops_ring, uniq_grinder

Skill      XL: |  1  2  3 |
---------------+----------+-----
Axes           | 3 |  3.1
Fighting       | |  3.3
Armour         | |  2.8
Dodging        | |  0.1
Shields        | |  2.7

Action                   || total
-------------------------++-------
Melee: War axe           ||   103
       Tailslap          ||     6
Armor: Scale mail        ||    27
       Plate armour      ||    22
Dodge: Dodged            ||    32
Block: Buckler           ||    18
